 Dungeon Crawl Stone Soup version 0.31-a0-881-ge136f0c47a (webtiles) character file.

Game seed: 7096290918521637928

8 Demosthentine the Ducker (level 2, 22/22 HPs)
             Began as a Demonspawn Gladiator on Oct 15, 2023.
             Got out of the dungeon alive.
             The game lasted 00:00:26 (240 turns).

Demosthentine the Ducker (Demonspawn Gladiator)      Turns: 240, Time: 00:00:27

Health: 22/22      AC:  6    Str: 14    XL:     2   Next: 0%
Magic:  2/2        EV: 12    Int:  9    God:
Gold:   24         SH:  0    Dex: 14    Spells: 1/1 levels left

rFire   . . .        a - +0 trident
rCold   . . .        (no shield)
rNeg    . . .        b - +0 leather armour
rPois   .            c - +0 helmet
rElec   .            (no cloak)
rCorr   .            g - +1 pair of gloves
SInv    .            (no boots)
Will    .....        (no amulet)
Stlth   +            (no ring)
HPRegen 0.23/turn    (no ring)
MPRegen 0.08/turn

%: no passive effects
@: no status effects
A: claws 1
a: no special abilities


You escaped.
You visited 1 branch of the dungeon, and saw 1 of its levels.

You collected 24 gold pieces.

Inventory:

Hand Weapons
 a - a +0 trident (weapon)
Missiles
 d - 3 throwing nets (quivered)
 e - a javelin
Armour
 b - a +0 leather armour (worn)
 c - a +0 helmet (worn)
 g - a +1 pair of gloves (worn)
Jewellery
 m - a ring of see invisible
Scrolls
 f - a scroll of identify {unknown}
 k - a scroll of fog {unknown}
 l - a scroll of brand weapon {unknown}
Potions
 h - 2 potions of heal wounds {unknown}
 i - a potion of enlightenment {unknown}
 j - a potion of attraction {unknown}


   Skills:
 + Level 2.2 Fighting
 + Level 2.8 Polearms
 - Level 1.7 Throwing
 + Level 0.4 Armour
 + Level 2.8 Dodging


You had one spell level left.
You didn't know any spells.
Your spell library was empty.

Dungeon Overview and Level Annotations

Branches:
Dungeon (1/15)

Altars:


Innate Abilities, Weirdness & Mutations

You have sharp fingernails.


Message History

You kill the frilled lizard!
h - a golden potion No target in view!
No target in view!
No target in view!
No target in view!
Key pressed, stopping explore.
Key pressed, stopping explore.
Key pressed, stopping explore.
No target in view!
You now have 14 gold pieces (gained 7).
i - a fizzy puce potion No target in view!
h - 2 golden potions (gained 1)
j - a murky white potion No target in view!
k - a scroll labelled VUNORA HOROWUE No target in view!
Key pressed, stopping explore.
No target in view!
No target in view!
There is a staircase leading out of the dungeon here.
A frilled lizard comes into view.
The frilled lizard hisses angrily.
You reach to attack!
You barely miss the frilled lizard.
The frilled lizard unfolds its giant frill.
The frilled lizard barely misses you.
A frilled lizard is nearby!
You hit the frilled lizard.
You kill the frilled lizard!
You have reached level 2!
Your demonic ancestry asserts itself...
Your fingernails lengthen.
You see here a frilled lizard corpse.
l - a scroll labelled HOACWA WUSACE
m - a ring of see invisible You now have 24 gold pieces (gained 10).
You see here a frilled lizard corpse.
There is a staircase leading out of the dungeon here.
You have escaped!

....#
#.....###.........
....# ###.###
#.#....### ....#
##.# #.#...#..
....####### #.##
#.###.#.##
..........# ##.#
#.#.......
..#######.#######.##
#.#.#...#. ..#
#....#.#.###.#
#...#.###. +##
#.###.#.#.#.##
#....... .######.#
######@######
#.##.### #.......#
#.#.#.#.####†##.#
#.#######
#.###.#.#........#
#.....# ##
######.....###
.####.# #...#.#
......# #...#.#
...##... #.###.#
...# ... .# ...#
.### ##


There were no monsters in sight!

Vanquished Creatures
  A ball python (D:1)
  3 bats (D:1)
  A hobgoblin (D:1)
  2 frilled lizards (D:1)
7 creatures vanquished.

Notes
Turn   | Place    | Note
-------+----------+-------------------------------------------
     0 | D:1      | Demosthentine the Demonspawn Gladiator began the quest for
                  | the Orb.
     0 | D:1      | Reached XP level 1. HP: 16/16 MP: 1/1
   208 | D:1      | Gained mutation: You have sharp fingernails. [demonic
                  | ancestry]
   208 | D:1      | Reached XP level 2. HP: 22/22 MP: 2/2
   240 | D:$      | Got out of the dungeon alive.

Illustrated notes

Levels and vault maps discovered:
D:1:      reono_arrival_mine, layout_basic, chequers_serial_rivers_large_a,
          minivault_23, patterned_corridor

Action                     || total
---------------------------++-------
  Melee: Trident           ||    33
 Armour: Leather armour    ||    14
  Dodge: Dodged            ||    28

Table legend: (Time is in decaauts)
 A = Elapsed time spent in this place.
 B = Non-inter-level travel time spent in this place.
 C = Inter-level travel time spent in this place.
 D = Time resting spent in this place.
 E = Time spent auto-exploring this place.
 F = Levels seen in this place.
 G = Mean time per level.
                   A        B        C        D        E       F      G
               +--------+--------+--------+--------+--------+-----+--------+
         Total |    245 |    245 |      0 |      0 |    158 |   1 |  245.0 |
       Dungeon |    245 |    245 |      0 |      0 |    158 |   1 |  245.0 |
               +--------+--------+--------+--------+--------+-----+--------+

Top non-repeatable levels by time:
     D:1: 245 daAuts
